 Dungeon Crawl Stone Soup version 0.23-a0-49-gd9f7a49668 (webtiles) character file.

221 Rrauwl the Charlatan (level 5, 0/41 HPs)
             Began as a Demonspawn Artificer on Aug 5, 2018.
             Was an Initiate of Nemelex Xobeh.
             Killed themself with a badly aimed fireball (13 damage)
             ... on level 2 of the Dungeon.
             The game lasted 00:05:35 (1216 turns).

Rrauwl the Charlatan (Demonspawn Artificer)         Turns: 1216, Time: 00:05:36

Health: 0/41       AC:  3    Str: 13    XL:     5   Next: 65%
Magic:  0/8        EV: 12    Int: 12    God:    Nemelex Xobeh [......]
Gold:   52         SH:  0    Dex: 14    Spells: 4/4 levels left

rFire    . . .     SeeInvis .   a - +1 short sword
rCold    . . .     Gourm    .   (no shield)
rNeg     . . .     Faith    .   b - +0 leather armour
rPois    .         Spirit   +   (helmet restricted)
rElec    .         Reflect  .   (no cloak)
rCorr    .         Harm     .   (no gloves)
MR       .....     Rnd*Rage +   (no boots)
Stlth    +++.......             i - amulet of guardian spirit
HPRegen  0.13/turn              (no ring)
MPRegen  0.11/turn              (no ring)

@: no status effects
A: antennae 1, berserk 1, nightstalker 2, sense surroundings 2, screaming 1
a: Renounce Religion


You were on level 2 of the Dungeon.
You worshipped Nemelex Xobeh.
Nemelex Xobeh was noncommittal.
You were not hungry.

You visited 1 branch of the dungeon, and saw 2 of its levels.

You collected 52 gold pieces.

Inventory:

Hand Weapons
 a - a +1 short sword (weapon)
Missiles
 g - 2 throwing nets (quivered)
Armour
 b - a +0 leather armour (worn)
Jewellery
 i - an amulet of guardian spirit (around neck)
Wands
 c - a wand of flame (14)
 d - a wand of enslavement (15)
 e - a wand of random effects (4)
Scrolls
 h - a scroll of fog {unknown}
Miscellaneous
 j - a plain deck of escape {drawn: 1}
Comestibles
 f - 3 rations
 k - 3 chunks of flesh


   Skills:
 + Level 3.4 Fighting
 - Level 1.0 Short Blades
 - Level 2.0 Dodging
 - Level 1.0 Stealth
 + Level 3.3 Invocations
 + Level 4.5 Evocations


You had 4 spell levels left.
You didn't know any spells.
Your spell library was empty.

Dungeon Overview and Level Annotations

Branches:
Dungeon (2/15)

Altars:
Nemelex Xobeh


Innate Abilities, Weirdness & Mutations

You have a pair of small antennae on your head.
You are significantly more attuned to the shadows.
You tend to lose your temper in combat.
You passively map the area around you.
You occasionally shout uncontrollably at your foes.


Message History

Unknown command.
A goblin comes into view. It is wielding a dagger.
Evoke which item? (* to show all) (? for menu, Esc to quit)
Aiming: Random Effects
Press: ? - help, Shift-Dir - straight line, f - goblin
Aim: a goblin, wielding a dagger The goblin flickers and vanishes!
Deactivating autopickup; reactivate with Ctrl-A.
Evoke which item? (* to show all) (? for menu, Esc to quit)
Aiming: Random Effects
Press: ? - help, Shift-Dir - straight line Nothing appears to happen.
Evoke which item? (* to show all) (? for menu, Esc to quit)
Aiming: Random Effects
Press: ? - help, Shift-Dir - straight line The fireball explodes!
The fireball engulfs something.
Reactivating autopickup.
You feel a bit more experienced. The fireball engulfs you!
You die...
Your body disappears without a glow.

*,,, ,,, , , ,,
, * ** ** * * **
,,, , #.# ***
#.# * #.# , ,
#.# * ** ,
######### #.# ,
,
,#.))@...###.##
### ,* * ,
,{#)#####......#
#.. , #.#
#.###..######.#
#.....#
#..............
#r###.#
#.###########.#
* #.# #.# #.# *
..., ..# #.#
###* #.# , #.#


There were no monsters in sight!

Vanquished Creatures
  Sigmund (D:2)
  An adder (D:2)
  An ooze (D:1)
  2 leopard geckos
  10 bats
  3 giant cockroaches (D:1)
  5 hobgoblins
  3 kobolds
  A quokka (D:2)
  4 frilled lizards (D:1)
  6 goblins
  6 rats
43 creatures vanquished.

Notes
Turn   | Place    | Note
-------+----------+-------------------------------------------
     0 | D:1      | Rrauwl the Demonspawn Artificer began the quest for the Orb.
     0 | D:1      | Reached XP level 1. HP: 15/15 MP: 3/3
    13 | D:1      | Reached skill level 1 in Short Blades
    13 | D:1      | Reached skill level 1 in Stealth
    64 | D:1      | Gained mutation: You tend to lose your temper in combat. [potion of mutation]
    64 | D:1      | Gained mutation: You occasionally shout uncontrollably at your foes. [potion of mutation]
    64 | D:1      | Gained mutation: You passively map a small area around you. [potion of mutation]
    64 | D:1      | Gained mutation: You passively map the area around you. [potion of mutation]
   130 | D:1      | Gained mutation: You are slightly more attuned to the shadows. [demonic ancestry]
   130 | D:1      | Reached XP level 2. HP: 9/21 MP: 4/4
   602 | D:1      | Gained mutation: You are significantly more attuned to the shadows. [demonic ancestry]
   602 | D:1      | Reached XP level 3. HP: 16/27 MP: 5/5
   724 | D:1      | Found a sparkling altar of Nemelex Xobeh.
   730 | D:1      | Became a worshipper of Nemelex Xobeh the Trickster
   772 | D:1      | Received a gift from Nemelex Xobeh
  1134 | D:2      | Noticed Sigmund
  1169 | D:2      | Killed Sigmund
  1169 | D:2      | Reached skill level 4 in Evocations
  1169 | D:2      | Reached XP level 4. HP: 12/35 MP: 2/7
  1169 | D:2      | Gained mutation: You have a pair of small antennae on your head. [demonic ancestry]
  1169 | D:2      | Reached XP level 5. HP: 14/41 MP: 2/8
  1216 | D:2      | Killed themself with a badly aimed fireball

Vault maps used:
D:1:      minmay_arrival_up_and_down, nemelex_altar_shiori
D:2:      zin_statuary, uniq_sigmund

Skill      XL: |  1  2  3 |
---------------+----------+-----
Short Blades   | 1 |  1.0
Stealth        | 1 |  1.0
Dodging        | 2 |  2.0
Fighting       | 2 3 |  3.4
Invocations    | 3 |  3.3
Evocations     | 4 |  4.5

Action                   |  1- 3 |  4- 6 || total
-------------------------+-------+-------++-------
Melee: Short sword       |   104 |     3 ||   107
Evoke: Wand              |     5 |     7 ||    12
       Deck              |     1 |       ||     1
  Use: Potion            |     1 |     1 ||     2
       Scroll            |     2 |       ||     2
 Stab: Sleeping          |     2 |     1 ||     3
  Eat: Chunk             |     1 |       ||     1
Armor: Leather armour    |    36 |       ||    36
Dodge: Dodged            |    77 |     2 ||    79

Table legend:
 A = Spawn XP
 B = Non-spawn XP
 C = Spawn XP percentage of total XP
 D = Spawn monster count
 E = Non-spawn monster count
 F = Spawn count percentage of total count
 G = Total turns spent on level
                    A         B        C        D         E        F      G
               +---------+---------+-------+---------+---------+-------+---------
         Total |       0 |     316 |   0.0 |       0 |      43 |   0.0 |  1216
               +---------+---------+-------+---------+---------+-------+---------
           D:1 |       0 |      55 |   0.0 |       0 |      30 |   0.0 |  1088
           D:2 |       0 |     261 |   0.0 |       0 |      13 |   0.0 |   128
               +---------+---------+-------+---------+---------+-------+---------
